 Dungeon Crawl Stone Soup version 0.23.2-1-ga50397a (webtiles) character file.

Game seed: 1018701686351036755

11 GuyDeFluk the Sneak (level 2, 0/13 HPs)
             Began as a Spriggan Enchanter on Apr 17, 2019.
             Hit by a stone thrown by a kobold (1 damage)
             ... on level 1 of the Dungeon.
             The game lasted 00:10:32 (1068 turns).

GuyDeFluk the Sneak (Spriggan Enchanter)            Turns: 1068, Time: 00:10:33

Health: 0/13       AC:  2    Str:  4    XL:     2   Next: 17%
Magic:  6/6        EV: 18    Int: 16    God:
Gold:   97         SH:  0    Dex: 16    Spells: 5/6 levels left

rFire    . . .     SeeInvis +   a - +1 dagger
rCold    . . .     Gourm    .   (shield restricted)
rNeg     . . .     Faith    .   b - +0 robe
rPois    .         Spirit   .   (helmet restricted)
rElec    .         Reflect  .   (no cloak)
rCorr    .         Harm     .   (gloves unavailable)
MR       .....                  (boots unavailable)
Stlth    +++.......             (no amulet)
HPRegen  0.04/turn              (no ring)
MPRegen  0.10/turn              (no ring)

@: very quick
A: very small, unfitting armour, see invisible, herbivore, speed 3, slow
metabolism 2
a: no special abilities


You were on level 1 of the Dungeon.
You were not hungry.

You visited 1 branch of the dungeon, and saw 1 of its levels.

You collected 97 gold pieces.

Inventory:

Hand Weapons
 a - a +1 dagger (weapon)
Armour
 b - a +0 robe (worn)
 k - a +0 robe
Jewellery
 e - an uncursed amulet of rage {unknown}
Scrolls
 f - a scroll of identify {unknown}
 g - a scroll of fear {unknown}
 h - 3 scrolls of magic mapping {unknown}
 i - a scroll of noise {unknown}
 j - a scroll of random uselessness {unknown}
Potions
 c - a potion of brilliance {unknown}
 l - 2 potions of degeneration {unknown}
Comestibles
 d - 6 rations


   Skills:
 * Level 2.0 Short Blades
 - Level 3.0 Dodging
 + Level 4.9 Stealth
 - Level 2.6 Spellcasting
 - Level 3.6 Hexes


You had 5 spell levels left.
You knew the following spells:

 Your Spells              Type           Power        Failure   Level  Hunger
a - Corona                Hex            ##.....      4%          1    #......

Your spell library contained the following spells:

 Spells                   Type           Power        Failure   Level  Hunger
 Confuse                  Hex            ##......     13%         3    ###....
 Tukima's Dance           Hex            ##......     13%         3    ###....
 Ensorcelled Hibernation  Hex/Ice        #.....       14%         2    ##.....
 Dazzling Spray           Conj/Hex       #.....       28%         3    ###....


Dungeon Overview and Level Annotations

Branches:
Dungeon (1/15)

Altars:


Innate Abilities, Weirdness & Mutations

You are very small and have problems with some larger weapons.
You are too small for most types of armour.
You have supernaturally acute eyesight. (SInv)
You are a herbivore.
You cover ground extremely quickly.
You need to consume almost no food.


Message History

The kobold is moderately wounded.
The kobold misses you.
You hit the kobold but do no damage.
The kobold is moderately wounded.
The kobold hits you but does no damage.
You closely miss the kobold.
The kobold is moderately wounded.
The kobold hits you but does no damage.
You closely miss the kobold.
The kobold is moderately wounded.
The kobold misses you.
You hit the kobold but do no damage.
The kobold is moderately wounded.
The kobold hits you with a +0 short sword.
The kobold throws a stone.
The stone hits you.
* * * LOW HITPOINT WARNING * * *
You see here a stone.
The kobold throws a stone.
The stone closely misses you.
The kobold throws a stone.
The stone hits you.
You die...

# #....#...### ##...(##...###..
#
###.#..###...###.........######
#
#≈≈≈≈≈..##....##....#####....##
# #≈###≈..####.....####
#........ ###≈≈≈≈≈#.##.#######
####.#### ...≈≈#≈≈..#>......#
#..... ###≈ #≈≈..#......(#
###### ###≈≈#≈≈#.#..(....#
...≈≈≈≈≈..K>....@.##
###≈###≈.##........#
#≈≈≈≈≈...........#
#########........# ####.###)#
#(# #.# #########.# #.# #
#.(.......# #.#.#
#.###########.#.#


You could see a kobold.

Vanquished Creatures
  A dart slug (D:1)
  3 giant cockroaches (D:1)
  2 hobgoblins (D:1)
  A frilled lizard (D:1)
  A kobold (D:1)
  A rat (D:1)
9 creatures vanquished.

Notes
Turn   | Place    | Note
-------+----------+-------------------------------------------
     0 | D:1      | GuyDeFluk the Spriggan Enchanter began the quest for the
                  | Orb.
     0 | D:1      | Reached XP level 1. HP: 9/9 MP: 5/5
   808 | D:1      | Reached XP level 2. HP: 13/13 MP: 6/6
  1068 | D:1      | Hit by a stone thrown by a kobold

Skill      XL: |  1  2 |
---------------+-------+-----
Short Blades   | 2 |  2.0
Dodging        | |  3.0
Stealth        | |  4.9
Spellcasting   | |  2.6
Hexes          | |  3.6

Action                   || total
-------------------------++-------
Melee: Dagger            ||    44
 Stab: Sleeping          ||     4
Armor: Robe              ||     4
Dodge: Dodged            ||    27
